 Dungeon Crawl Stone Soup version 0.30.0-18-gc0e69614cb (webtiles) character file.

Game seed: 9261867896641924432

7028 NateTC the Thaumaturge (level 11, -3/84 HPs)
             Began as a Djinni Ice Elementalist on May 24, 2023.
             Was a Follower of Ashenzari.
             Slain by a centaur warrior (10 damage)
             ... on level 9 of the Dungeon.
             The game lasted 00:26:50 (9673 turns).

NateTC the Thaumaturge (Djinni Ice Elementalist)    Turns: 9673, Time: 00:26:51

Health: -3/84      AC: 10    Str:  7    XL:     11   Next: 29%
Gold:   523        EV: 21    Int: 20    God:    Ashenzari [*.....] SH:  0 Dex: 15

rFire   + + +        u - staff of cold
rCold   . . .        (no shield)
rNeg    + . .        y - +3 steam dragon scales
rPois   ∞            o - +0 helmet of Ashenzari's Omen {Self, Melee} (curse)
rElec   +            g - scarf of Ashenzari's Prison {rC+ rF+, Melee, Cun} (curse)
rCorr   .            p - +0 pair of gloves
SInv    +            (boots unavailable)
Will    +....        (no amulet)
Stlth   ++           x - ring of Altruism {Fire rElec rN+ SInv}
HPRegen 0.34/turn    a - +5 ring of evasion
MPRegen 0.00/turn

%: infuse magic (-4 HP)
@: flying
A: sickness immunity, fire resistance 2, cold vulnerability 1, float, innate
caster, HP casting, extra vitality 1
a: Renounce Religion, Shatter the Chains


You were on level 9 of the Dungeon.
You worshipped Ashenzari.
Ashenzari was aware of your devotion.
You visited 2 branches of the dungeon, and saw 11 of its levels.
You also visited: Sewer and Ossuary.

You collected 523 gold pieces.

Inventory:

Armour
 g - the cursed scarf of Ashenzari's Prison (worn) {rC+ rF+, Melee, Cun}
   (You found it on level 4 of the Dungeon)

   It has a curse which improves the following skills: Melee Combat: Short
   Blades, Long Blades, Axes, Maces & Flails, Polearms, Staves and Unarmed
   Combat.
   Cunning:   Dodging and Stealth.
 o - the cursed +0 helmet of Ashenzari's Omen (worn) {Self, Melee}
   (You found it on level 3 of the Dungeon)

   It has a curse which improves the following skills: Introspection: Fighting
   and Spellcasting.
   Melee Combat: Short Blades, Long Blades, Axes, Maces & Flails, Polearms,
   Staves and Unarmed Combat.
 p - a +0 pair of gloves (worn)
 y - +3 steam dragon scales (worn)
Magical Staves
 u - a staff of cold (weapon)
Jewellery
 a - a +5 ring of evasion (right hand)
 r - a ring of ice
 x - the ring of Altruism (left hand) {Fire rElec rN+ SInv}
   (You acquired it in an ossuary)

   [ring of fire]

   It enhances your fire magic.
   rF:        It protects you from fire.
   rC:        It makes you vulnerable to cold.
   rElec:     It insulates you from electricity.
   rN:        It protects you from negative energy.
   SInv:      It lets you see invisible.
 A - a +6 ring of intelligence
Wands
 b - a wand of acid (14)
 i - a wand of digging (13)
 k - a wand of charming (10)
 z - a wand of mindburst (24)
 D - a wand of flame (10)
Scrolls
 d - 5 scrolls of vulnerability
 e - 2 scrolls of poison
 f - a scroll of fear
 q - 3 scrolls of fog
 t - 2 scrolls of magic mapping
 v - 3 scrolls of teleportation
 F - a scroll of blinking
Potions
 c - a potion of berserk rage
 h - a potion of lignification
 j - 10 potions of curing
 l - 3 potions of ambrosia
 m - 3 potions of brilliance
 n - 3 potions of flight
 s - 2 potions of haste
 w - 2 potions of might
 B - a potion of attraction
 C - a potion of invisibility
 G - a potion of degeneration
 H - 2 potions of mutation
 I - a potion of cancellation


   Skills:
 + Level 8.1(9.0) Fighting
 - Level 7.1(7.9) Dodging
 - Level 1.5(2.1) Stealth
 * Level 10.8(11.5) Spellcasting


You knew the following spells:

 Your Spells              Type           Power      Damage    Failure   Level
a - Freeze                Ice            100%       1d10      1%          1
b - Frozen Ramparts       Ice            100%       1d16      1%          3
c - Ozocubu's Armour      Ice            72%        N/A       1%          3
d - Summon Ice Beast      Ice/Summ       72%        N/A       1%          4
e - Necrotise             Necr           100%       1d9       1%          1
f - Blink                 Tloc           100%       N/A       1%          2
g - Teleport Other        Tloc           55%        N/A       1%          3
h - Flame Wave            Conj/Fire      72%        2d16      1%          4
i - Summon Lightning Spi  Summ/Air       55%        N/A       1%          4
Your spell library was empty.

Dungeon Overview and Level Annotations

Branches:
Dungeon (10/15) Zot: 26982  Temple (1/1) D:6 Zot: 5989   Sewer (visited)
Ossuary (visited)
   Lair: D:8-11         Orc: D:9-12

Altars:
Ashenzari
Dithmenos
Gozag
Nemelex Xobeh
Qazlal
Ru
Uskayaw
Wu Jian
Yredelemnul
Zin
The Shining One

Shops:
D:9 *

Annotations:
D:6 3 runed translucent doors, GloriousHammer's ghost, novice OgGl
D:9 3 runed translucent doors, Pimp's ghost, novice DsHu; minhee2137's ghost, novice DsBe


Innate Abilities, Weirdness & Mutations

You are immune to sickness and miasma.
You are immune to poison.
Your flesh is very heat resistant. (rF++)
You are vulnerable to cold. (rC-)
You float through the air rather than walking.
You learn spells naturally, not from books.
Your magical power is your life essence.
You have superior vitality. (+4 MHP)


Message History

The centaur warrior wields a +0 shortbow.
The centaur warrior shoots an arrow.
The arrow completely misses you.
A wave of flame ripples out!
You hear a bellow!
A wave of flame ripples out!
The flame wave engulfs the centaur warrior!
The centaur warrior is severely wounded.
You finish channelling waves of flame.
You hear a bellow!
The centaur warrior unwields a +0 shortbow.
The centaur warrior hits you.
* * * LOW HITPOINT WARNING * * *
The centaur warrior kicks you but does no damage.
The centaur warrior barely misses you.
The centaur warrior kicks you but does no damage.
The centaur warrior closely misses you.
The centaur warrior kicks you but does no damage.
You fly upwards.
Level annotation: 3 runed translucent doors, Pimp's ghost, novice DsHu; minhee2137's ghost, novice DsBe
There is a stone staircase leading down here.
Casting: Flame Wave (mildly dangerous; 1% risk of failure)
Confirm with . or Enter, or press ? or * to list all spells.
Casting: Flame Wave (mildly dangerous; 1% risk of failure)
Press: ? - help, Dir - look around, f - activate You feel a surge of power!
A wave of flame ripples out!
The flame wave engulfs the centaur warrior.
The centaur warrior is heavily wounded. (Press . to intensify the flame waves.)
* * * LOW HITPOINT WARNING * * *
The centaur warrior hits you!
* * * LOW HITPOINT WARNING * * *
The centaur warrior closely misses you.
A wave of flame ripples out!
The flame wave engulfs the centaur warrior!
The centaur warrior is almost dead.
* * * LOW HITPOINT WARNING * * *
The centaur warrior hits you.
* * * LOW HITPOINT WARNING * * *
The centaur warrior closely misses you. The centaur warrior hits you!
You die...

...........####+++########.......
.........####....................
.........#..........''####......)
.........#...#.....#.....#.......
...#####.#...#.....#.....########
...# #.'...#.....#.............
...# #.#...#.....#.............
...# #.#...#..c..#....#########
...# #.#...#..@..#....#........
...# #.#####.....#....#........
...# #...........#....#........
...# #...######..#....######'##
...# #...#....#..#.............
...#####...#....#..#.............
...........#....#..#.............
..####'#...'....#..#......#######
..#....#...#....'..####...#......


You could see a centaur warrior.

Vanquished Creatures
  Joseph (D:8)
  A hornet (D:9)
  Eustachio (D:6)
  A vampire (D:8)
  A wyvern (D:7)
  7 yaks
  2 steam dragons (D:5)
  A vampire mosquito (D:10)
  A water moccasin (D:8)
  Duvessa (D:4)
  2 black bears (D:6)
  An orc warrior (D:4)
  An ice beast (D:5)
  A sky beast (D:8)
  A hornet zombie (Ossuary)
  An ogre (D:6)
  A centaur (D:9)
  A kobold brigand (D:6)
  A phantom (D:5)
  4 bullfrogs
  7 scorpions
  A water moccasin zombie (Ossuary)
  A gnoll sergeant (D:7)
  Dowan (D:4)
  6 wights (D:8)
  5 howler monkeys
  A bullfrog zombie (Ossuary)
  2 centaur zombies (Ossuary)
  5 hounds
  5 orc priests
  A gnoll bouda (D:5)
  4 iguanas
  2 sleepcaps
  5 orc wizards
  11 mummies (Ossuary)
  7 gnolls
  12 adders
  3 river rats (Sewer)
  A shadow imp (D:6)
  2 white imps
  2 ufetubi
  2 worms (D:2)
  2 dart slugs (D:3)
  9 orcs
  6 bats
  9 endoplasms
  7 giant cockroaches
  8 goblins
  5 hobgoblins
  6 jackals
  6 quokkas
  10 ball pythons
  6 frilled lizards
  12 kobolds
  18 rats
221 creatures vanquished.

Vanquished Creatures (collateral kills)
  5 yaks (D:9)
  An orc warrior (D:8)
  A gnoll sergeant (D:8)
  A water moccasin zombie (Ossuary)
  An orc priest (D:9)
  3 mummies (Ossuary)
  An orc wizard (D:9)
  2 gnolls (D:8)
  3 orcs
18 creatures vanquished.

Grand Total: 239 creatures vanquished

Notes
Turn   | Place    | Note
-------+----------+-------------------------------------------
     0 | D:1      | NateTC the Djinni Ice Elementalist began the quest for the
                  | Orb.
     0 | D:1      | NateTC set off with the following spells memorised: Freeze,
                  | Frozen Ramparts, Ozocubu's Armour, Summon Ice Beast.
     0 | D:1      | Reached XP level 1. HP: 15/15 MP: 0/0
   240 | D:1      | Reached XP level 2. HP: 18/22 MP: 0/0
   367 | D:1      | Reached skill level 1 in Fighting
   459 | D:1      | Reached XP level 3. HP: 13/27 MP: 0/0
   459 | D:1      | Learned a level 1 spell: Necrotise
   575 | D:1      | Found a faded altar of an unknown god.
  1566 | D:2      | Reached XP level 4. HP: 32/32 MP: 0/0
  1572 | D:2      | Reached skill level 4 in Spellcasting
  2743 | D:4      | Noticed Duvessa
  2743 | D:4      | Noticed Dowan
  2757 | D:4      | Killed Duvessa
  2758 | D:4      | Reached XP level 5. HP: 10/39 MP: 0/0
  2758 | D:4      | Learned a level 2 spell: Blink
  2758 | D:4      | Reached XP level 6. HP: 12/45 MP: 0/0
  2759 | D:4      | Killed Dowan
  2949 | D:4      | Reached skill level 5 in Spellcasting
  3444 | D:4      | Noticed an orc warrior
  3450 | D:4      | Identified the +0 plate armour of the Pink Corner {Harm
                  | Dex+4}
  3453 | D:4      | Killed an orc warrior
  3454 | D:4      | Reached XP level 7. HP: 36/50 MP: 0/0
  3454 | D:4      | Learned a level 3 spell: Teleport Other
  3693 | D:5      | Entered Level 5 of the Dungeon
  3826 | D:5      | Reached skill level 6 in Spellcasting
  3937 | D:5      | Found a glowing drain.
  3948 | Sewer    | Entered a sewer
  4346 | Sewer    | Reached XP level 8. HP: 55/56 MP: 0/0
  4661 | D:5      | Reached skill level 7 in Spellcasting
  4974 | D:5      | Reached skill level 8 in Spellcasting
  5003 | D:5      | HP: 2/56 [phantom (2)]
  5017 | D:5      | Reached XP level 9. HP: 8/60 MP: 0/0
  5017 | D:5      | Learned a level 4 spell: Flame Wave
  5223 | D:5      | Found a sparkling altar of Nemelex Xobeh.
  5228 | D:5      | Found a stormy altar of Qazlal.
  5466 | D:6      | Reached skill level 9 in Spellcasting
  5686 | D:6      | Found a staircase to the Ecumenical Temple.
  5695 | Temple   | Entered the Ecumenical Temple
  5700 | Temple   | Became a worshipper of Ashenzari the Shackled
  5806 | D:6      | Noticed Eustachio
  5829 | D:6      | Killed Eustachio
  5967 | D:6      | Found a shadowy altar of Dithmenos.
  6013 | D:6      | Found a runed translucent gate.
  6013 | D:6      | Found a runed translucent gate.
  6013 | D:6      | Found a runed translucent gate.
  6014 | D:6      | Noticed GloriousHammer's ghost (novice OgGl)
  6106 | D:6      | Found a sacrificial altar of Ru.
  6541 | D:7      | Reached skill level 10 in Spellcasting
  6720 | D:7      | Reached XP level 10. HP: 34/67 MP: 0/0
  7111 | D:7      | Found an ornate altar of the Wu Jian Council.
  7255 | D:8      | Found a sand-covered staircase.
  7259 | Ossuary  | Entered an ossuary
  7440 | Ossuary  | Reached skill level 5 in Fighting
  7877 | Ossuary  | Identified a scroll of acquirement
  7885 | Ossuary  | Acquired the ring of Altruism {Fire rElec rN+ SInv}
  7928 | D:8      | Noticed Joseph
  7930 | D:8      | Reached skill level 5 in Dodging
  7942 | D:8      | Killed Joseph
  8256 | D:8      | Found an opulent altar of Gozag.
  8284 | D:8      | Reached XP level 11. HP: 53/79 MP: 0/0
  8284 | D:8      | Learned a level 4 spell: Summon Lightning Spire
  8455 | D:8      | Found a glowing golden altar of the Shining One.
  8946 | D:9      | Found Maaphots's General Store.
  8970 | D:9      | Reached * piety under Ashenzari
  9390 | D:9      | Found a runed translucent gate.
  9391 | D:9      | Found a runed translucent gate.
  9392 | D:9      | Found a runed translucent gate.
  9394 | D:9      | Noticed Pimp's ghost (novice DsHu)
  9396 | D:9      | Noticed minhee2137's ghost (novice DsBe)
  9657 | D:10     | Entered Level 10 of the Dungeon
  9659 | D:10     | Noticed a centaur warrior
  9666 | D:10     | Noticed a centaur warrior
  9673 | D:9      | Slain by a centaur warrior

Illustrated notes

Levels and vault maps discovered:
D:1:      nicolae_arrival_somewhat_less_tricky_arrival, layout_loops_ring,
          shapermc_ecumenical_altar_mp_ritualfount
D:2:      layout_basic
D:3:      layout_basic, minmay_vboxes
D:4:      layout_basic, serial_bayou_lake_a, uniq_duvessa
D:5:      kennysheep_steamy, layout_basic, minitemple, gup_sewer_entry_pipe
D:6:      layout_basic, nicolae_ru_great_annihilating_truth, old_standard_altar,
          temple_pool_b, gammafunk_ghost_necromancy, uniq_eustachio
D:7:      layout_basic, nzn_wu_jian_council_hall, kennysheep_generic_room_8
D:8:      layout_rooms, mainiacjoe_overflow_cross_hatched,
          mainiacjoe_overflow_surrounded_room,
          lightli_ossuary_entry_decrepit_ruins, uniq_joseph
D:9:      layout_irregular_city, gammafunk_ghost_cemetery, serial_shops,
          nicolae_shop_tiny_real_fake_doors
D:10:     layout_roguey, david_lair_shrubbed, david_orc_2, minivault_23,
          minmay_bent
Temple:   hellmonk_temple_of_storms

Skill      XL: |  1  2  3  4  5  6  7  8  9 10 11 |
---------------+----------------------------------+-----
Fighting       | 1 2 3 7 8 |  8.1
Spellcasting   | 4 5 6 8 10 | 10.8
Dodging        | 7 |  7.1
Stealth        | |  1.5

Action                     |  1- 3 |  4- 6 |  7- 9 | 10-12 || total
---------------------------+-------+-------+-------+-------++-------
  Melee: Unarmed           |     5 |     2 |    15 |     1 ||    23
   Cast: Freeze            |    74 |    60 |   105 |    43 ||   282
         Frozen Ramparts   |     1 |     8 |    20 |    11 ||    40
         Necrotise         |       |       |    25 |       ||    25
         Ozocubu's Armour  |       |       |     1 |     1 ||     2
         Teleport Other    |       |       |     1 |       ||     1
         Flame Wave        |       |       |    23 |    24 ||    47
         Summon Ice Beast  |       |       |     1 |     6 ||     7
         Summon Lightning  |       |       |       |     6 ||     6
         Blink             |       |       |       |     1 ||     1
 Invoke: Curse Item        |       |       |       |     2 ||     2
    Use: Scroll            |     3 |     9 |     3 |    16 ||    31
         Potion            |       |     1 |     2 |     2 ||     5
 Armour: Robe              |    16 |    10 |    41 |       ||    67
         Steam dragon scal |       |       |    12 |    20 ||    32
  Dodge: Dodged            |    42 |    35 |   106 |    86 ||   269
